 Dungeon Crawl Stone Soup version 0.27.0 (webtiles) character file.

Game seed: 16526415224578755381

213 mainiacjoe the Covert (level 5, -4/37 HPs)
             Began as an Octopode Delver on July 31, 2021.
             Splashed by a jelly's acid (9 damage)
             ... on level 4 of the Dungeon.
             The game lasted 00:03:37 (1150 turns).

mainiacjoe the Covert (Octopode Delver)             Turns: 1150, Time: 00:03:38

Health: -4/37      AC: -12   Str: 11    XL:     5   Next: 90%
Magic:  5/5        EV: 14    Int: 12    God:
Gold:   85         SH:  0    Dex: 15    Spells: 4/4 levels left

rFire    . . .     SeeInvis .   a - +1 dagger (protect)
rCold    . . .     Faith    .   (no shield)
rNeg     . . .     Spirit   .   (helmet restricted)
rPois    .         Reflect  .   (no amulet)
rElec    .         Harm     .   (no ring)
rCorr    .         Rampage  .   (no ring)
Will     .....                  (no ring)
Stlth    +++++.....             (no ring)
HPRegen  0.12/turn              (no ring)
MPRegen  0.09/turn              (no ring)
                                (no ring)
                                (no ring)

@: corroded, under a protective aura
A: almost no armour, amphibious, 8 rings, camouflage 1, gelatinous body 1,
(nimble swimmer 1), tentacles
a: no special abilities


You were on level 4 of the Dungeon.
You visited 1 branch of the dungeon, and saw 2 of its levels.

You collected 85 gold pieces.

Inventory:

Hand Weapons
 a - a +1 dagger of protection (weapon)
 p - a +0 short sword
Missiles
 h - 33 arrows
 k - 43 stones (quivered)
Magical Staves
 g - a staff of death
Jewellery
 m - a ring of ice
Wands
 f - a wand of digging (3)
 j - a wand of acid (11)
Scrolls
 b - a scroll of fog
 c - a scroll of magic mapping
 d - a scroll of fear
 i - a scroll of enchant weapon {unknown}
 l - a scroll of noise {unknown}
 n - a scroll of brand weapon {unknown}
 o - 2 scrolls of identify {unknown}
 q - a scroll of holy word {unknown}
Potions
 e - a potion of haste


   Skills:
 + Level 3.9 Fighting
 + Level 3.1 Short Blades
 + Level 3.1 Dodging
 * Level 8.3 Stealth


You had 4 spell levels left.
You didn't know any spells.
Your spell library was empty.

Dungeon Overview and Level Annotations

Branches:
Dungeon (5/15)
 Temple: D:4-7

Altars:


Innate Abilities, Weirdness & Mutations

You cannot wear most types of armour.
You are amphibious.
You can wear up to eight rings at the same time.
Your skin changes colour to match your surroundings (Stealth+).
Your rubbery body absorbs attacks. (AC +1, EV +1)
((You are camouflaged near water. (Stealth+)))
You have tentacles for arms and can constrict up to eight enemies at once.


Message History

The centaur skeleton is severely damaged.
The centaur skeleton closely misses you. x2
You hit the centaur skeleton.
The centaur skeleton is severely damaged.
The centaur skeleton barely misses you.
The centaur skeleton closely misses you.
You hit the centaur skeleton. You squeeze the centaur skeleton.
You destroy the centaur skeleton!
You throw a stone. The stone hits the jelly.
The jelly quivers.
The jelly is lightly wounded.
The jelly closely misses you.
You hit the jelly. The acid corrodes you!
Your tentacles burn!
The jelly is lightly wounded.
The jelly barely misses you.
You barely miss the jelly.
The jelly is lightly wounded.
The jelly hits you but does no damage.
You hit the jelly but do no damage. The acid corrodes you!
Your tentacles burn!
The jelly is lightly wounded.
You hit the jelly.
Your tentacles burn!
The jelly is moderately wounded.
The jelly misses you.
You hit the jelly.
Your tentacles burn!
Your squeeze misses the jelly.
The jelly is heavily wounded.
The jelly barely misses you.
You hit the jelly. The acid corrodes you!
Your tentacles burn!
The jelly is heavily wounded.
The jelly hits you. The acid corrodes you!
You are splashed with acid!
You hit the jelly.
Your tentacles burn!
* * * LOW HITPOINT WARNING * * *
The jelly is severely wounded.
The jelly barely misses you.
You hit the jelly.
Your tentacles burn!
* * * LOW HITPOINT WARNING * * *
The jelly is almost dead.
The jelly hits you.
* * * LOW HITPOINT WARNING * * *
The acid corrodes you!
You are splashed with acid!
You die...

####+####
#...$...#
#.8...8(#
#.....J.#
#.8..@8.#
#....).(#
#.8...8.#
#...>...#
#########


You could see a jelly.

Vanquished Creatures
  A necrophage (D:5)
  A centaur skeleton (D:4)
  An orc wizard (D:5)
  A hound zombie (D:5)
  A hound skeleton (D:4)
  A howler monkey skeleton (D:5)
  An adder (D:5)
  A white imp (D:5)
  An adder skeleton (D:5)
  6 orcs (D:5)
  A quokka (D:4)
16 creatures vanquished.

Notes
Turn   | Place    | Note
-------+----------+-------------------------------------------
     0 | D:5      | mainiacjoe the Octopode Delver began the quest for the Orb.
     0 | D:5      | Reached XP level 1. HP: 16/16 MP: 1/1
   411 | D:5      | Reached XP level 2. HP: 20/21 MP: 2/2
   617 | D:5      | Reached skill level 7 in Stealth
   617 | D:5      | Reached XP level 3. HP: 26/26 MP: 3/3
   683 | D:5      | Noticed a necrophage
   691 | D:5      | Killed a necrophage
   692 | D:5      | Reached XP level 4. HP: 31/32 MP: 4/4
   728 | D:5      | Reached XP level 5. HP: 28/37 MP: 5/5
   965 | D:5      | Reached skill level 8 in Stealth
  1150 | D:4      | Splashed by a jelly's acid

Illustrated notes

Levels and vault maps discovered:
D:4:      layout_loops_ring, grunt_ministairs_3, kennysheep_nub,
          minmay_goblin_kobold_house, uniq_ijyb
D:5:      layout_basic

Skill      XL: |  1  2  3  4  5 |
---------------+----------------+-----
Stealth        | 7 8 |  8.3
Short Blades   | 3 |  3.1
Dodging        | 3 |  3.1
Fighting       | |  3.9

Action                   |  1- 3 |  4- 6 || total
-------------------------+-------+-------++-------
Melee: Short sword       |    19 |    11 ||    30
       Constrict         |     6 |     3 ||     9
       Tentacles         |     4 |     9 ||    13
       Dagger            |       |    21 ||    21
Throw: Stone             |     1 |     2 ||     3
Evoke: Wand              |     2 |       ||     2
 Stab: Sleeping          |     2 |     5 ||     7
Armor: Skin              |     1 |     6 ||     7
Dodge: Dodged            |     7 |    20 ||    27
